 Dungeon Crawl Stone Soup version 0.28-a0-21-gf74fda84f9 (webtiles) character file.

Game seed: 12001882090827952880

65 pkoi the Covered (level 3, 0/33 HPs)
             Began as a Minotaur Fighter on July 26, 2021.
             Succumbed to an adder's poison
             ... on level 2 of the Dungeon.
             The game lasted 00:01:56 (1485 turns).

pkoi the Covered (Minotaur Fighter)                 Turns: 1485, Time: 00:01:56

Health: 0/33       AC:  7    Str: 21    XL:     3   Next: 94%
Magic:  2/2        EV:  7    Int:  5    God:
Gold:   68         SH:  9    Dex:  9    Spells: 2/2 levels left

rFire   . . .      SeeInvis .   a - +0 flail
rCold   . . .      Faith    .   c - +0 kite shield
rNeg    . . .      Spirit   .   b - +0 scale mail
rPois   .          Reflect  .   (helmet restricted)
rElec   .          Harm     .   (no cloak)
rCorr   .          Rampage  .   (no gloves)
Will    .....                   (no boots)
Stlth   ..........              (no amulet)
HPRegen 0.11/turn               (no ring)
MPRegen 0.08/turn               (no ring)

@: lethally poisoned (0 -> -10), hasted, very quick
A: horns 2, retaliatory headbutt
a: no special abilities


You were on level 2 of the Dungeon.
You visited 1 branch of the dungeon, and saw 2 of its levels.

You collected 68 gold pieces.

Inventory:

Hand Weapons
 a - a +0 flail (weapon)
Missiles
 i - 14 poisoned darts (quivered)
Armour
 b - a +0 scale mail (worn)
 c - a +0 kite shield (worn)
Scrolls
 e - a scroll of vulnerability {unknown}
 f - a scroll of fog {unknown}
 g - a scroll of holy word {unknown}
 k - a scroll of teleportation {unknown}
Potions
 d - a potion of might
 j - 2 potions of flight {unknown}


   Skills:
 + Level 4.1 Fighting
 * Level 3.7 Maces & Flails
 + Level 4.2 Armour
 + Level 4.2 Shields


You had 2 spell levels left.
You didn't know any spells.
Your spell library was empty.

Dungeon Overview and Level Annotations

Branches:
Dungeon (2/15)

Altars:

Shops:
D:2 (


Innate Abilities, Weirdness & Mutations

You have a pair of horns on your head.
You reflexively headbutt those who attack you in melee.


Message History

You hit the goblin.
You kill the goblin!
You feel sick. The adder closely misses you. You furiously retaliate!
You headbutt the adder! You block the adder's attack.
You closely miss the adder. Your headbutt misses the adder.
The adder is severely wounded.
You feel sick. The adder bites you. You block the adder's attack.
You miss the adder.
The adder is severely wounded.
You feel sick. The adder barely misses you.
Your scale mail prevents you from hitting the adder.
Your headbutt misses the adder.
The adder is severely wounded.
You feel sick.
You are no longer poisoned.
The adder bites you.
You are poisoned.
The adder poisons you! The adder bites you.
You are lethally poisoned!
The adder poisons you!
You hit the adder but do no damage.
The adder is severely wounded.
* * * LOW HITPOINT WARNING * * *
You feel very sick. You block the adder's attack. The adder barely misses you.
Unknown command.
You hit the adder.
The adder is severely wounded.
* * * LOW HITPOINT WARNING * * *
You feel very sick. The adder bites you.
* * * LOW HITPOINT WARNING * * *
You are more poisoned.
The adder poisons you! The adder bites you but does no damage.
It was a potion of haste.
You feel yourself speed up.
* * * LOW HITPOINT WARNING * * *
You feel sick. The adder bites you but does no damage.
You closely miss the adder.
The adder is severely wounded.
You die...

#.....#
#.....#....#.#...
#.....#..........
####..#......#...
###.#..........
##..............
#...............
###..##....S..#...
#....##...@)......
#...∩....#.#..#...
####.....#.# .#
#..##.#.. ..
#..##..##. ..
######.# .. ## .#
.. #.# ... ..


You could see an adder.

Vanquished Creatures
  Robin (D:2)
  An adder (D:2)
  A dart slug (D:2)
  8 bats
  A giant cockroach (D:1)
  9 goblins
  9 hobgoblins
  4 ball pythons
  3 frilled lizards
  2 kobolds (D:1)
  4 rats (D:1)
43 creatures vanquished.

Notes
Turn   | Place    | Note
-------+----------+-------------------------------------------
     0 | D:1      | pkoi the Minotaur Fighter began the quest for the Orb.
     0 | D:1      | Reached XP level 1. HP: 19/19 MP: 0/0
   275 | D:1      | Reached XP level 2. HP: 27/27 MP: 1/1
  1136 | D:2      | Found a faded altar of an unknown god.
  1184 | D:2      | Noticed Robin
  1189 | D:2      | Reached XP level 3. HP: 33/33 MP: 2/2
  1232 | D:2      | Killed Robin
  1458 | D:2      | Found Zodwyasele's Antique Weapon Boutique.
  1484 | D:2      | HP: 1/33 [poisoned by an adder]
  1485 | D:2      | Succumbed to an adder's poison

Illustrated notes

Levels and vault maps discovered:
D:1:      dpeg_arrival_boxes_within_box, layout_basic
D:2:      layout_basic, chequers_ecumenical_altar_simple_redux, serial_shops,
          nicolae_square_shop, uniq_robin

Skill      XL: |  1  2  3 |
---------------+----------+-----
Maces & Flails | 3 |  3.7
Armour         | 4 |  4.2
Shields        | 4 |  4.2
Fighting       | 4 |  4.1

Action                   || total
-------------------------++-------
Melee: Flail             ||   110
       Headbutt          ||    12
  Use: Potion            ||     1
Armor: Scale mail        ||    62
Dodge: Dodged            ||    39
Block: Kite shield       ||    64

Table legend: (Time is in decaauts)
 A = Elapsed time spent in this place.
 B = Non-inter-level travel time spent in this place.
 C = Inter-level travel time spent in this place.
 D = Time resting spent in this place.
 E = Time spent auto-exploring this place.
 F = Levels seen in this place.
 G = Mean time per level.
                   A        B        C        D        E       F      G
               +--------+--------+--------+--------+--------+-----+--------+
         Total |   1535 |   1483 |     52 |     72 |   1102 |   2 |  767.5 |
       Dungeon |   1535 |   1483 |     52 |     72 |   1102 |   2 |  767.5 |
               +--------+--------+--------+--------+--------+-----+--------+

Top non-repeatable levels by time:
     D:1: 1163 daAuts
     D:2: 371 daAuts
